 Dungeon Sprint DCSS version 0.30-a0-459-g9104f0fc43 (webtiles) character file.

Game seed: 2897378184159670173

4169 BigDaddyOpFi the Fighter (level 10, -4/100 HPs)
             Began as a Minotaur Fighter on Dec 15, 2022.
             Was a High Priest of Fedhas.
             Slain by a komodo dragon (17 damage)
             ... in the Dungeon (Sprint IX: "|||||||||||||||||||||||||||||").
             The game lasted 00:03:10 (1193 turns).

BigDaddyOpFi the Fighter (Minotaur Fighter)         Turns: 1193, Time: 00:03:11

Health: -4/100     AC: 15    Str: 31    XL:     10   Next: 7%
Magic:  17/18      EV:  9    Int:  5    God:    Fedhas [*****.]
Gold:   0          SH:  7    Dex: 10    Spells: 9/9 levels left

rFire   . . .      SeeInvis .    m - +3 war axe (vorpal)
rCold   . . .      Faith    .    c - +0 buckler
rNeg    . . .      Spirit   .    o - +3 chain mail
rPois   .          Reflect  .    (helmet restricted)
rElec   .          Harm     .    (no cloak)
rCorr   .          Rampage  .    (no gloves)
Will    .....      NoTele   +    (no boots)
Stlth   ..........               (no amulet)
HPRegen 0.36/turn                p - +3 ring of strength
MPRegen 0.16/turn                q - +3 ring of strength

@: no status effects
A: horns 2, retaliatory headbutt
a: Renounce Religion, Wall of Briars, Grow Ballistomycete, Overgrow, Grow Oklob


You were in the Dungeon.
You worshipped Fedhas.
Fedhas was extremely pleased with you.
You visited 1 branch

Inventory:

Hand Weapons
 a - a +0 scimitar
 m - a +3 vorpal war axe (weapon)
Armour
 c - a +0 buckler (worn)
 o - a +3 chain mail (worn)
Jewellery
 p - a +3 ring of strength (left hand)
 q - a +3 ring of strength (right hand)
Wands
 l - a wand of light (7) (quivered)
Scrolls
 j - 2 scrolls of blinking
 k - 2 scrolls of amnesia
 n - a scroll of magic mapping
 r - a scroll of identify
 s - a scroll of fear
 t - 2 scrolls of fog
Potions
 b - 2 potions of might
 d - a potion of invisibility
 e - 2 potions of curing
 f - a potion of resistance
 g - 2 potions of haste
 h - 5 potions of magic
 i - 2 potions of berserk rage


   Skills:
 + Level 12.8 Fighting
 + Level 12.4 Axes
 + Level 12.7 Armour
 + Level 12.7 Shields
 * Level 12.3 Invocations


You had 9 spell levels left.
You didn't know any spells.
Your spell library was empty.

Dungeon Overview and Level Annotations

Branches:
Dungeon (1/1)

Altars:
Cheibriados
Dithmenos
Elyvilon
Fedhas
Gozag
Hepliaklqana
Kikubaaqudgha
Makhleb
Nemelex Xobeh
Okawaru
Qazlal
Ru
Sif Muna
Trog
Uskayaw
Vehumet
Wu Jian
Xom
Yredelemnul
Zin
The Shining One
Jiyva
Lugonu


Innate Abilities, Weirdness & Mutations

You have a pair of horns on your head.
You reflexively headbutt those who attack you in melee.


Message History

You hit the yak. The yak gores you! The yak attacks as you move away!
The yak gores you but does no damage.
Aiming: Overgrow
Press: ? - help, Dir - move target You cannot grow anything here.
You slash the yak!
The yak is almost dead.
The yak barely misses you.
You barely miss the yak.
The yak is almost dead.
The yak gores you but does no damage.
You hit the yak.
You kill the yak!
Fedhas appreciates your contribution to the ecosystem.
Your Invocations skill increases to level 12!
You slice the wolf!!
You kill the wolf!
Fedhas appreciates your contribution to the ecosystem.
You can now grow an oklob plant.
You have reached level 10!
You slash the komodo dragon! You headbutt the komodo dragon!
The komodo dragon is severely wounded.
The komodo dragon bites you.
You slash the komodo dragon!
The komodo dragon is almost dead.
The komodo dragon bites you!
You barely miss the komodo dragon. Your headbutt misses the komodo dragon.
The komodo dragon is almost dead.
The komodo dragon bites you!
* * * LOW HITPOINT WARNING * * *
You slice the komodo dragon!!
You kill the komodo dragon!
Fedhas appreciates your contribution to the ecosystem.
You hit the komodo dragon but do no damage.
The komodo dragon bites you but does no damage.
You feel better. The komodo dragon bites you!!
* * * LOW HITPOINT WARNING * * *
You feel better. The komodo dragon bites you!
You die...
Fedhas appreciates your contribution to the ecosystem.

▓▓▓▓▓▓▓▓▓▓▓▓▓▓▓▓▓▓▓▓▓▓▓▓▓▓▓▓▓▓▓▓▓
__________________'.....†.....)..
▓▓▓▓▓▓▓▓▓▓▓▓▓▓▓▓▓▓▓▓▓▓▓▓▓▓▓▓▓▓▓▓▓
.................................
▓▓▓▓▓▓▓▓▓▓▓▓▓▓▓▓▓▓▓▓▓▓▓▓▓▓▓▓▓▓▓▓▓
......†.l@..).......'.....
▓▓▓▓▓▓▓▓▓▓▓▓▓▓▓▓▓▓▓▓▓▓▓▓▓▓


You could see a komodo dragon.

Vanquished Creatures
  A two-headed ogre (D)
  A boulder beetle (D)
  A skeletal warrior (D)
  A manticore (D)
  3 komodo dragons (D)
  A troll (D)
  A blink frog (D)
  A slime creature (D)
  A shadow (D)
  2 yaks (D)
  A steam dragon (D)
  An orc warrior (D)
  2 wolves (D)
  A bullfrog (D)
  A howler monkey (D)
  2 jellies (D)
  3 iguanas (D)
  An orc wizard (D)
  A goblin (D)
  2 jackals (D)
  A ball python (D)
  A rat (D)
30 creatures vanquished.

Notes
Turn   | Place    | Note
-------+----------+-------------------------------------------
     0 | D        | BigDaddyOpFi the Minotaur Fighter began the quest for the
                  | Orb.
     0 | D        | Reached XP level 1. HP: 19/19 MP: 0/0
    30 | D        | Noticed an iguana
    30 | D        | Noticed an iguana
    30 | D        | Noticed an iguana
    30 | D        | Noticed a jelly
    30 | D        | Noticed a jelly
    32 | D        | Killed a jelly
    33 | D        | Reached skill level 5 in Fighting
    33 | D        | Reached skill level 5 in Armour
    33 | D        | Reached skill level 5 in Shields
    33 | D        | Reached XP level 2. HP: 29/29 MP: 1/1
    33 | D        | Reached XP level 3. HP: 36/36 MP: 2/2
    35 | D        | Reached skill level 5 in Axes
    39 | D        | Reached XP level 4. HP: 34/44 MP: 3/3
    46 | D        | Reached XP level 5. HP: 27/52 MP: 4/4
    52 | D        | Found a snail-covered altar of Cheibriados.
    52 | D        | Found a shadowy altar of Dithmenos.
    52 | D        | Found a white marble altar of Elyvilon.
    52 | D        | Found a blossoming altar of Fedhas.
    52 | D        | Found an opulent altar of Gozag.
    53 | D        | Found a hazy altar of Hepliaklqana.
    54 | D        | Found a viscous altar of Jiyva.
    55 | D        | Found an ancient bone altar of Kikubaaqudgha.
    56 | D        | Found a corrupted altar of Lugonu.
    57 | D        | Found a burning altar of Makhleb.
    58 | D        | Found a sparkling altar of Nemelex Xobeh.
    59 | D        | Found an iron altar of Okawaru.
    60 | D        | Found a stormy altar of Qazlal.
    61 | D        | Found a sacrificial altar of Ru.
    62 | D        | Found a shimmering blue altar of Sif Muna.
    63 | D        | Found a bloodstained altar of Trog.
    64 | D        | Found a hide-covered altar of Uskayaw.
    65 | D        | Found a radiant altar of Vehumet.
    66 | D        | Found an ornate altar of the Wu Jian Council.
    67 | D        | Found a shimmering altar of Xom.
    68 | D        | Became a worshipper of Qazlal Stormbringer
    69 | D        | Found a basalt altar of Yredelemnul.
    70 | D        | Found a glowing silver altar of Zin.
    71 | D        | Found a glowing golden altar of the Shining One.
   113 | D        | Fell from the grace of Qazlal
   113 | D        | Became a worshipper of Fedhas Madash
   149 | D        | Noticed an orc warrior
   149 | D        | Noticed a two-headed ogre
   149 | D        | Noticed a yak
   149 | D        | Noticed a steam dragon
   149 | D        | Noticed a shadow
   159 | D        | Killed a shadow
   160 | D        | Reached XP level 6. HP: 55/62 MP: 4/8
   164 | D        | Killed a steam dragon
   164 | D        | Reached * piety under Fedhas
   165 | D        | Reached skill level 5 in Invocations
   169 | D        | Killed a yak
   170 | D        | Reached XP level 7. HP: 48/70 MP: 5/10
   174 | D        | Killed a two-headed ogre
   175 | D        | Reached skill level 10 in Fighting
   175 | D        | Reached skill level 10 in Armour
   175 | D        | Reached skill level 10 in Shields
   175 | D        | Reached XP level 8. HP: 7/80 MP: 5/13
   185 | D        | Reached ** piety under Fedhas
   186 | D        | Reached skill level 10 in Axes
   485 | D        | Noticed a troll
   485 | D        | Noticed a slime creature
   485 | D        | Noticed a manticore
   485 | D        | Noticed a skeletal warrior
   485 | D        | Noticed a boulder beetle
   504 | D        | Killed a boulder beetle
   513 | D        | Killed a skeletal warrior
   514 | D        | Reached skill level 10 in Invocations
   514 | D        | Reached XP level 9. HP: 24/89 MP: 13/15
   518 | D        | Killed a manticore
   522 | D        | Reached *** piety under Fedhas
   523 | D        | Killed a troll
  1157 | D        | Noticed a komodo dragon
  1157 | D        | Noticed a komodo dragon
  1165 | D        | Noticed a komodo dragon
  1168 | D        | Noticed a komodo dragon
  1171 | D        | Reached **** piety under Fedhas
  1174 | D        | Killed a komodo dragon
  1176 | D        | Killed a komodo dragon
  1186 | D        | Reached ***** piety under Fedhas
  1187 | D        | Reached XP level 10. HP: 48/100 MP: 16/18
  1193 | D        | Slain by a komodo dragon

Illustrated notes

Levels and vault maps discovered:
D:        linesprint [early_d, line_temple, items_1, d_10, items_2, lair_1,
          lair_end, items_3, orc_1, orc_end, items_4, d_15, swamp_1, shoals_1,
          snake_1, spider_1, d_20, vaults_1, items_5, swamp_end, shoals_end,
          snake_end, spider_end, vaults_end, d_27, items_6, zot_1, zot_end,
          crypt_end, forest_end, elf_end, slime_end, tomb_end, abyss_end,
          pan_hell_end]

Skill      XL: |  1  2  3  4  5  6  7  8  9 |
---------------+----------------------------+-----
Fighting       | 5 6 7 8 9 10 11 12 | 12.8
Axes           | 4 5 6 7 8 9 11 12 | 12.4
Armour         | 5 6 7 8 9 10 11 12 | 12.7
Shields        | 5 6 7 8 9 10 11 12 | 12.7
Invocations    | 4 6 8 10 12 | 12.3

Action                   |  1- 3 |  4- 6 |  7- 9 | 10-12 || total
-------------------------+-------+-------+-------+-------++-------
Melee: War axe           |    20 |    26 |    63 |     5 ||   114
       Headbutt          |     5 |     6 |    17 |     1 ||    29
Invok: Wall of Briars    |       |       |     1 |       ||     1
Evoke: Wand              |       |       |     3 |       ||     3
  Use: Potion            |     1 |       |     4 |     2 ||     7
       Scroll            |       |       |     2 |       ||     2
 Stab: Invisible         |       |       |     1 |       ||     1
Armor: Scale mail        |     6 |     7 |     2 |       ||    15
       Chain mail        |       |       |    22 |     1 ||    23
Dodge: Dodged            |    12 |    15 |    23 |       ||    50
Block: Buckler           |     3 |     2 |    17 |       ||    22

Table legend: (Time is in decaauts)
 A = Elapsed time spent in this place.
 B = Non-inter-level travel time spent in this place.
 C = Inter-level travel time spent in this place.
 D = Time resting spent in this place.
 E = Time spent auto-exploring this place.
 F = Levels seen in this place.
 G = Mean time per level.
                   A        B        C        D        E       F      G
               +--------+--------+--------+--------+--------+-----+--------+
         Total |   1202 |   1202 |      0 |    794 |      0 |   1 | 1202.0 |
       Dungeon |   1202 |   1202 |      0 |    794 |      0 |   1 | 1202.0 |
               +--------+--------+--------+--------+--------+-----+--------+

Top non-repeatable levels by time:
       D: 1202 daAuts
